 Dungeon Crawl Stone Soup version 0.20.0-7-g3b7b877 (webtiles) character file.

23050 kuniqs the Fighter (level 13, -4/69 HPs)
             Began as a Vine Stalker Earth Elementalist on May 29, 2017.
             Was a Believer of Uskayaw.
             Killed from afar by an orc sorcerer (14 damage)
             ... with a bolt of negative energy
             ... on level 1 of the Orcish Mines.
             The game lasted 00:24:58 (11132 turns).

kuniqs the Fighter (VSEE)                          Turns: 11132, Time: 00:24:58

Health: -4/69      AC: 16    Str: 16    XL:     13   Next: 4%
Magic:  0/20       EV: 15    Int: 17    God:    Uskayaw [**....]
Gold:   567        SH:  6    Dex: 15    Spells: 15/16 levels left

rFire    + . .     SeeInvis .   u - +2 falchion (elec)
rCold    . . .     Gourm    .   D - +0 buckler
rNeg     . . .     Faith    .   B - +3 scale mail {rPois}
rPois    +         Spirit   +   p - +2 helmet
rElec    .         Reflect  .   (no cloak)
rCorr    .         Harm     .   n - +0 pair of gloves
MR       +....     Rnd*Rage +   s - +0 pair of boots
Stlth    +.........             (no amulet)
Regen    1.1/turn               J - +2 ring of evasion
MPRegen  0.2/turn               K - ring of protection from fire

@: drained
A: fangs 3, talons 1, berserk 1, blink, clever 1, regeneration 2, magic shield,
antimagic bite, no potion heal 3, rot immunity
a: Blink, Stomp, Line Pass, Renounce Religion


You were on level 1 of the Orcish Mines.
You worshipped Uskayaw.
Uskayaw was aware of your devotion.
You were not hungry.

You visited 3 branches of the dungeon, and saw 15 of its levels.

You collected 647 gold pieces.
You spent 80 gold pieces at shops.

Inventory:

Hand Weapons
 h - a +2 dagger of draining
 u - a +2 falchion of electrocution (weapon)
 G - a +0 dagger of venom
 M - the +5 long sword of Valiance {pain, rPois Int+3}
   (You found it on level 8 of the Dungeon)

   In the hands of one skilled in necromantic magic, it inflicts extra damage on
   living creatures.
   It affects your intelligence (+3).
   It protects you from poison.
Armour
 n - a +0 pair of gloves (worn)
 p - a +2 helmet (worn)
 s - a +0 pair of boots (worn)
 B - a +3 scale mail of poison resistance (worn)
 D - a +0 buckler (worn)
Jewellery
 y - an uncursed ring of see invisible
 J - a +2 ring of evasion (left hand)
 K - a ring of protection from fire (right hand)
Wands
 j - a wand of paralysis (19/24)
 q - a wand of flame (33/48)
 F - a wand of iceblast (4/15)
 H - a wand of paralysis (0/24)
 N - a wand of flame (25/48)
Scrolls
 g - 2 scrolls of magic mapping
 i - 3 scrolls of fear
 k - 7 scrolls of teleportation
 l - 2 scrolls of recharging
 r - 6 scrolls of remove curse {@r2}
 t - a scroll of enchant weapon
 v - a scroll of enchant armour
 A - 3 scrolls of immolation
 E - a scroll of fog
 L - a scroll of holy word
 Q - a scroll of brand weapon
Potions
 a - a potion of haste
 b - a potion of berserk rage
 m - 4 potions of brilliance
 o - 7 potions of curing {@q1}
 x - 3 potions of agility
 z - a potion of might
 C - a potion of mutation
 I - 2 potions of resistance
 P - a potion of cancellation
Comestibles
 c - 6 royal jellies
 d - 9 bread rations
 e - 9 meat rations
 f - 20 fruits
 O - 2 chunks of flesh


   Skills:
 + Level 8.4(7.4) Fighting
 + Level 7.9(6.8) Short Blades
 + Level 7.9(6.9) Armour
 + Level 7.9(6.8) Dodging
 - Level 2.4(1.5) Stealth
 + Level 7.3(6.3) Shields
 - Level 2.1(1.3) Spellcasting
   Level 1.0(0.1) Transmutations
 - Level 3.0(2.1) Earth Magic
 + Level 8.4(7.4) Invocations


You had 15 spell levels left.
You knew the following spells:

 Your Spells              Type           Power        Failure   Level  Hunger
a - Sandblast             Erth           #.....       26%         1    ##.....


Dungeon Overview and Level Annotations

Branches:
Dungeon (13/15)            Temple (1/1) D:7            Lair (0/6) D:9
    Orc (1/2) D:11
 Vaults: D:13-14

Altars:
Ashenzari
Elyvilon
Fedhas
Makhleb
Qazlal
Uskayaw
Yredelemnul
The Shining One

Shops:
D:11 =   D:12 !

Annotations:
D:1 exclusion: door
D:8 1 runed door
D:9 exclusions: orange crystal statue and 1 more exclusion
D:10 1 runed door
D:13 Frances


Innate Abilities, Weirdness & Mutations

You have razor-sharp teeth.
You heal very quickly.
When hurt, damage is shared between your health and your magic reserves.
Your bite disrupts and absorbs the magic of your enemies.
Potions cannot restore your health.
You are immune to rotting.
You have sharp toenails.
You tend to lose your temper in combat.
You can translocate small distances at will.
Your mind is acute. (Int +2)


Message History

You can no longer pass through a line of other dancers.
Unknown command.
Unknown command.
You hit the orc sorcerer. You bite the orc sorcerer.
The orc sorcerer's magic leaks into the air.
You drain its magic.
You feel invigorated.
The orc sorcerer is lightly wounded.
You block the orc sorcerer's attack. The ice devil hits you!
The ice devil freezes you!
The orc sorcerer hits you but does no damage.
You can now pass through a line of other dancers.
You hit the orc sorcerer but do no damage.
Lightning courses through the orc sorcerer!
You bite the orc sorcerer, but do no damage.
The orc sorcerer is severely wounded.
The ice devil hits you! The ice devil freezes you!
* * * LOW HITPOINT WARNING * * *
The orc sorcerer gestures at you while chanting.
The bolt of negative energy hits you!
You feel drained.
You die...

##.....
##.......
#......
####.....
#......###
##........#
#....<...#
#........#
####...@##
#$...4o......
##...........
##....$.....
####......$
#...#.# #..#
# .##


You could see an ice devil and an orc sorcerer.

Vanquished Creatures
  A hydra (D:11)
  7 two-headed ogres
  The ghost of smedtjen the Fighter, a novice DsAK of Lugonu (D:9)
  Sonja (D:11)
  3 unseen horrors
  A deep elf mage (D:12)
  A manticore (D:11)
  3 ugly things
  2 cyclopes
  A salamander (shapeshifter) (D:9)
  A centaur zombie (D:12)
  A hornet (D:12)
  2 trolls
  5 hippogriffs
  Eustachio (D:6)
  6 yaks (D:12)
  A vampire (D:12)
  A steam dragon (D:7)
  4 hogs (D:7)
  A human (D:7)
  4 hungry ghosts
  A basilisk (D:12)
  A soldier ant (D:11)
  A water moccasin (D:7)
  3 ice beasts
  A sky beast (D:9)
  2 black bears
  7 orc warriors
  A hornet zombie (D:12)
  The ghost of MTVSty1e the Ruffian, an amateur DrTm (D:3)
  10 ogres
  3 phantoms
  An eye of draining (D:12)
  3 centaurs (D:12)
  A crocodile (D:9)
  4 big kobolds
  11 bullfrogs
  A wyvern zombie (D:7)
  A gnoll sergeant (D:11)
  4 scorpions
  2 troll zombies (D:11)
  9 killer bees
  8 wights
  2 howler monkeys
  6 crimson imps
  A quasit (D:5)
  2 bullfrog skeletons
  4 hounds
  9 orc priests
  6 centaur skeletons
  3 jellies
  Jessica (D:2)
  Ijyb (D:5)
  2 iguanas
  14 orc wizards
  12 worker ants
  6 ogre zombies (D:11)
  A howler monkey zombie (D:6)
  Robin (D:2)
  14 gnolls
  15 adders
  A howler monkey skeleton (D:4)
  3 shadow imps
  An ooze (D:2)
  2 adder skeletons (D:9)
  3 worms
  3 dart slugs
  6 leopard geckos
  60 orcs
  9 giant cockroaches
  17 goblins
  10 hobgoblins
  14 jackals
  2 quokkas
  8 bats
  6 frilled lizards
  A goblin skeleton (D:11)
  3 goblin zombies
  A hobgoblin skeleton (D:11)
  5 hobgoblin zombies (D:11)
  32 kobolds
  3 orc skeletons (D:11)
  13 orc zombies (D:11)
  A quokka skeleton (D:4)
  13 rats
441 creatures vanquished.

Notes
Turn   | Place    | Note
-------+----------+-------------------------------------------
     0 | D:1      | kuniqs the Vine Stalker Earth Elementalist began the quest for the Orb.
     0 | D:1      | Reached XP level 1. HP: 9/9 MP: 4/4
   145 | D:1      | Reached XP level 2. HP: 12/14 MP: 1/6
   285 | D:1      | Reached skill level 1 in Fighting
   383 | D:1      | Reached skill level 1 in Armour
   670 | D:2      | Noticed Robin
   721 | D:2      | Killed Robin
   721 | D:2      | Reached XP level 3. HP: 11/18 MP: 1/7
   888 | D:2      | Gained mutation: Your natural rate of healing is unusually fast. [Vine Stalker growth]
   888 | D:2      | Reached XP level 4. HP: 18/22 MP: 8/8
  1000 | D:2      | You fall through a shaft for 2 floors!
  1092 | D:4      | Noticed an ogre
  1107 | D:4      | Noticed a phantom
  1129 | D:4      | Killed a phantom
  1129 | D:4      | Reached XP level 5. HP: 23/26 MP: 0/9
  1222 | D:4      | Killed an ogre
  1222 | D:4      | Reached XP level 6. HP: 32/32 MP: 5/10
  1503 | D:2      | Noticed Jessica
  1516 | D:2      | Killed Jessica
  1680 | D:2      | Found a white marble altar of Elyvilon.
  1802 | D:3      | Noticed MTVSty1e's ghost (amateur DrTm)
  2033 | D:3      | Killed MTVSty1e's ghost
  2091 | D:3      | Found a hide-covered altar of Uskayaw.
  2091 | D:3      | Noticed a hand axe
  2092 | D:3      | Noticed a hand axe
  2098 | D:3      | Became a worshipper of Uskayaw the Reveler
  2129 | D:3      | Reached * piety under Uskayaw
  2157 | D:3      | Reached ** piety under Uskayaw
  2165 | D:3      | Reached skill level 1 in Short Blades
  2165 | D:3      | Reached XP level 7. HP: 30/36 MP: 2/11
  2165 | D:3      | Reached *** piety under Uskayaw
  2608 | D:3      | Found a blossoming altar of Fedhas.
  2892 | D:4      | Gained mutation: You have a pair of small horns on your head. [potion of mutation]
  2892 | D:4      | Gained mutation: Scrolls take you a little longer to read. [potion of mutation]
  2892 | D:4      | Gained mutation: You have sharp toenails. [potion of mutation]
  2893 | D:4      | Lost mutation: You have a pair of small horns on your head. [potion of mutation]
  2893 | D:4      | Lost mutation: Scrolls take you a little longer to read. [potion of mutation]
  2893 | D:4      | Lost mutation: You have sharp toenails. [potion of mutation]
  2893 | D:4      | Gained mutation: Your mind is acute. (Int +2) [potion of mutation]
  2893 | D:4      | Gained mutation: You have sharp toenails. [potion of mutation]
  2893 | D:4      | Gained mutation: You tend to lose your temper in combat. [potion of mutation]
  2893 | D:4      | Gained mutation: You can translocate small distances at will. [potion of mutation]
  2974 | D:4      | Reached **** piety under Uskayaw
  2976 | D:4      | Reached skill level 1 in Invocations
  3094 | D:4      | Found a shattered altar of Ashenzari.
  3668 | D:5      | Entered Level 5 of the Dungeon
  3690 | D:5      | Gained mutation: You have razor-sharp teeth. [Vine Stalker growth]
  3690 | D:5      | Reached XP level 8. HP: 42/42 MP: 12/12
  3714 | D:5      | Noticed Ijyb
  3740 | D:5      | Killed Ijyb
  3928 | D:5      | Reached ***** piety under Uskayaw
  4533 | D:5      | Found a stormy altar of Qazlal.
  4883 | D:6      | Reached skill level 1 in Shields
  4977 | D:6      | Noticed Eustachio
  5029 | D:6      | Killed Eustachio
  5029 | D:6      | Reached XP level 9. HP: 44/46 MP: 9/13
  5299 | D:7      | Reached skill level 5 in Dodging
  5309 | D:7      | Reached skill level 5 in Fighting
  5311 | D:7      | Reached skill level 5 in Armour
  5596 | D:7      | Found a staircase to the Ecumenical Temple.
  5601 | Temple   | Entered the Ecumenical Temple
  5728 | D:7      | Reached XP level 10. HP: 51/51 MP: 14/14
  5845 | D:7      | Found a hide-covered altar of Uskayaw.
  6135 | D:8      | Got a fine long sword
  6136 | D:8      | Identified the +5 long sword of Valiance {pain, rPois Int+3} (You found it on level 8 of the Dungeon)
  6153 | D:8      | Reached skill level 5 in Invocations
  6301 | D:8      | Noticed a two-headed ogre
  6331 | D:8      | Killed a two-headed ogre
  6331 | D:8      | Reached skill level 5 in Short Blades
  6567 | D:8      | Found a runed door.
  6569 | D:8      | Found a basalt altar of Yredelemnul.
  6889 | D:9      | Noticed a two-headed ogre
  6916 | D:9      | Killed a two-headed ogre
  7007 | D:9      | Found a burning altar of Makhleb.
  7019 | D:9      | Noticed smedtjen's ghost (novice DsAK)
  7072 | D:9      | Killed smedtjen's ghost
  7073 | D:9      | ANGRY FUCKING TREE
  7078 | D:9      | Reached XP level 11. HP: 53/57 MP: 9/16
  7135 | D:9      | Noticed a two-headed ogre
  7140 | D:9      | Killed a two-headed ogre
  7179 | D:9      | Reached skill level 5 in Shields
  7303 | D:9      | Noticed a salamander
  7310 | D:9      | Killed a salamander
  7394 | D:9      | Noticed an orange crystal statue
  7484 | D:9      | Found a staircase to the Lair.
  7774 | D:10     | Entered Level 10 of the Dungeon
  8246 | D:10     | Found a glowing golden altar of the Shining One.
  8246 | D:10     | Noticed an angel
  8247 | D:10     | Found a runed door.
  8484 | D:11     | Noticed Sonja
  8607 | D:11     | Noticed a two-headed ogre
  8630 | D:11     | Noticed a manticore
  8635 | D:11     | Killed a two-headed ogre
  8638 | D:11     | Killed a manticore
  8728 | D:11     | Noticed a cyclops
  8736 | D:11     | Killed a cyclops
  8801 | D:11     | Killed Sonja
  8927 | D:11     | Found a staircase to the Orcish Mines.
  8956 | D:11     | Reached ****** piety under Uskayaw
  8960 | D:11     | Noticed a two-headed ogre
  9113 | D:11     | Noticed a five-headed hydra
  9126 | D:11     | Killed a five-headed hydra
  9126 | D:11     | Gained mutation: You heal very quickly. [Vine Stalker growth]
  9126 | D:11     | Reached XP level 12. HP: 48/63 MP: 18/18
  9137 | D:11     | Noticed a two-headed ogre
  9152 | D:11     | Killed a two-headed ogre
  9216 | D:11     | Found Qyurreimu's Jewellery Boutique.
  9225 | D:11     | Killed a two-headed ogre
  9854 | D:12     | Found Miusejoq's Distillery.
  9860 | D:12     | Bought a potion of berserk rage for 80 gold pieces
 10807 | D:13     | Noticed a two-headed ogre
 10811 | D:13     | Killed a two-headed ogre
 10921 | D:13     | Identified the +8 bardiche of Peace {chop, rC+ rN++} (You found it on level 13 of the Dungeon)
 10964 | D:13     | Reached XP level 13. HP: 65/69 MP: 20/20
 10992 | D:13     | Noticed Frances
 11118 | Orc:1    | Entered Level 1 of the Orcish Mines
 11126 | Orc:1    | Paralysed by an orc sorcerer for 5 turns
 11132 | Orc:1    | Killed from afar by an orc sorcerer

Skill      XL: |  1  2  3  4  5  6  7  8  9 10 11 12 |
---------------+-------------------------------------+-----
Fighting       | 1 2 3 4 5 6 7 8 |  8.4
Armour         | 1 2 3 4 5 6 7 |  7.9
Dodging        | 2 3 4 5 6 7 |  7.9
Short Blades   | 1 2 3 4 5 6 7 |  7.9
Invocations    | 1 3 4 6 7 8 |  8.4
Shields        | 1 3 4 6 7 |  7.3
Stealth        | |  2.4
Spellcasting   | |  2.1
Transmutations | |  1.0
Earth Magic    | |  3.0

Action                   |  1- 3 |  4- 6 |  7- 9 | 10-12 | 13-15 || total
-------------------------+-------+-------+-------+-------+-------++-------
Melee: Short sword       |    62 |   190 |    40 |       |       ||   292
       Bite              |    18 |    32 |    97 |   270 |     5 ||   422
       Hand axe          |       |       |   327 |    36 |       ||   363
       Dagger            |       |       |    41 |    54 |       ||    95
       Long sword        |       |       |       |   207 |       ||   207
       Falchion          |       |       |       |   484 |    11 ||   495
 Cast: Sandblast         |    24 |    56 |     7 |       |       ||    87
Evoke: Wand              |       |       |     1 |     5 |       ||     6
  Use: Scroll            |       |     1 |    15 |    10 |       ||    26
       Potion            |       |       |     7 |     1 |       ||     8
 Stab: Sleeping          |     1 |     3 |       |       |       ||     4
       Paralysed         |       |       |    22 |    52 |       ||    74
  Eat: Chunk             |       |     4 |    12 |    24 |       ||    40
       Royal jelly       |       |       |     1 |     1 |       ||     2
Armor: Robe              |    14 |    24 |       |       |       ||    38
       Ring mail         |       |    54 |     9 |       |       ||    63
       Scale mail        |       |       |   242 |   368 |    21 ||   631
       Skin              |       |       |       |    22 |       ||    22
Dodge: Dodged            |    31 |   143 |   315 |   529 |     7 ||  1025
Block: Buckler           |       |       |    46 |   217 |     1 ||   264
       Rpst.: Long sword |       |       |       |    40 |       ||    40
       Falchion          |       |       |       |    85 |     1 ||    86
